 Dungeon Crawl Stone Soup version 0.19.1-1-g22dce08 (webtiles) character file.

1598 ImaNewbie the Thaumaturge (level 8, -1/40 (41) HPs)
             Began as a Deep Elf Fire Elementalist on Jan 3, 2017.
             Was an Initiate of Vehumet.
             Slain by Yamifenrir's ghost (15 damage)
             ... on level 4 of the Dungeon.
             The game lasted 00:28:00 (7520 turns).

ImaNewbie the Thaumaturge (DEFE)                    Turns: 7520, Time: 00:28:00

HP:   -1/40 (41)    AC:  5    Str:  8    XL:     8   Next: 62%
MP:   3/22          EV: 13    Int: 23    God:    Vehumet [......]
Gold: 290           SH:  0    Dex: 15    Spells: 7 memorised, 0 levels left

rFire  . . .     SeeInvis .     g - +5 dagger
rCold  . . .     Gourm    .     E - +0 robe {MR+}
rNeg   . . .     Faith    .     (no shield)
rPois  .         Spirit   .     d - +2 helmet
rElec  .         Reflect  .     (no cloak)
rCorr  .         Harm     .     (no gloves)
MR     +....                    (no boots)
Stlth  ++........               (no amulet)
                                D - +2 ring of intelligence (curse)
                                q - +5 ring of strength

@: no status effects
A: fangs 1, dopey 1, weak 1
a: Renounce Religion


You were on level 4 of the Dungeon.
You worshipped Vehumet.
Vehumet was noncommittal.
You were very hungry.

You visited 2 branches of the dungeon, and saw 8 of its levels.

You collected 290 gold pieces.

Inventory:

Hand Weapons
 g - a +5 dagger (weapon)
Missiles
 C - 13 poisoned needles
Armour
 d - a +2 helmet (worn)
 E - a +0 robe of magic resistance (worn)
Jewellery
 a - an uncursed ring of ice
 q - a +5 ring of strength (left hand)
 D - a cursed +2 ring of intelligence (right hand)
Wands
 m - a wand of acid (9/15)
 s - a wand of disintegration (12/24)
 t - a wand of iceblast (6/15)
 y - a wand of heal wounds (4/9)
Scrolls
 i - 4 scrolls of remove curse
 k - 4 scrolls of fog
 l - a scroll of enchant weapon
 r - a scroll of identify
 v - a scroll of magic mapping
 w - a scroll of recharging
 B - a scroll of enchant armour
Potions
 e - 2 potions of degeneration
 f - 2 potions of curing
 h - 3 potions of heal wounds
 j - a potion of cancellation
 u - a potion of magic
 z - 2 potions of haste
Books
 b - a book of Flames

   Spells                             Type                      Level
   a - Flame Tongue                   Conjuration/Fire             1
   b - Throw Flame                    Conjuration/Fire             2
   c - Conjure Flame                  Conjuration/Fire             3
   d - Inner Flame                    Hexes/Fire                   3
   e - Sticky Flame                   Conjuration/Fire             4
   f - Fireball                       Conjuration/Fire             5
 p - a book of Conjurations

   Spells                             Type                      Level
   a - Magic Dart                     Conjuration                  1
   b - Searing Ray                    Conjuration                  2
   c - Dazzling Spray                 Conjuration/Hexes            3
   d - Fulminant Prism                Conjuration/Hexes            4
   e - Iskenderun's Mystic Blast      Conjuration                  4
   f - Iskenderun's Battlesphere      Conjuration/Charms           5
Comestibles
 c - 3 bread rations
 n - 2 beef jerkies
 x - 6 fruits
 A - 2 royal jellies


   Skills:
 - Level 2.4 Dodging
 - Level 2.4 Stealth
 - Level 8.1 Spellcasting
 - Level 8.0 Conjurations
 - Level 4.1 Hexes
 + Level 4.1 Charms
 - Level 5.0 Fire Magic


You couldn't memorise any spells.
You knew the following spells:

 Your Spells              Type           Power        Failure   Level  Hunger
a - Flame Tongue          Conj/Fire      #####        1%          1    None
b - Searing Ray           Conj           #####.       1%          2    None
c - Sticky Flame          Conj/Fire      #####...     6%          4    ###....
d - Conjure Flame         Conj/Fire      #####...     1%          3    None
e - Dazzling Spray        Conj/Hex       #####.       1%          3    None
f - Iskenderun's Battles  Conj/Chrm      #####...     17%         5    #####..
g - Fireball              Conj/Fire      #####.....   14%         5    #####..


Dungeon Overview and Level Annotations

Branches:
Dungeon (7/15)             Temple (1/1) D:7

Altars:
Ashenzari
Cheibriados
Dithmenos
Elyvilon
Fedhas
Gozag
Hepliaklqana
Kikubaaqudgha
Makhleb
Nemelex Xobeh
Okawaru
Qazlal
Ru
Trog
Uskayaw
Vehumet
Yredelemnul
Zin
The Shining One

Shops:
D:6 *

Annotations:
D:4 Yamifenrir's ghost, novice HuFi
D:6 Prince Ribbit
D:7 1 exclusion, Jerry's ghost, novice VSGl


Innate Abilities, Weirdness & Mutations

You have very sharp teeth.
You are dopey. (Int -2)
You are weak. (Str -2)


Message History

The spray of energy hits Yamifenrir's ghost.
Yamifenrir's ghost is almost destroyed.
Yamifenrir's ghost hits you.
Casting: Dazzling Spray
Confirm with . or Enter, or press ? or * to list all spells.
Aiming: Dazzling Spray
Press: ? - help, Shift-Dir - straight line, f/p - Yamifenrir's ghost
Aim: Yamifenrir's ghost (severely damaged)
The spray of energy hits Yamifenrir's ghost.
Yamifenrir's ghost is almost destroyed.
Yamifenrir's ghost closely misses you.
Casting: Dazzling Spray
Confirm with . or Enter, or press ? or * to list all spells.
Aiming: Dazzling Spray
Press: ? - help, Shift-Dir - straight line, f/p - Yamifenrir's ghost
Aim: Yamifenrir's ghost (almost destroyed)
The spray of energy hits Yamifenrir's ghost.
Yamifenrir's ghost is almost destroyed.
Yamifenrir's ghost hits you!
You die...

#...# #.....#####W#.#####.# #.#..
###.###.........@......##.###.###
#(........######..##.##.##..#
####......######..##........#
#...#####............##.## #...#
#.##.#[#######..# ## #...#
#.##.#.# ##.## #. ####
#...#####.#....# #..# ##. ...#
#...##.....###.## ##.####..
##.###.........## ##.## #.....#..
..............## ##.###.....#..
..............# #.........#..
..............## ##.##......#..
#..##.....#....## ##.###......#.#
...##...........###.###..######..
..###.....######...####.## ###
...##.....# ###.# #..#


You could see Yamifenrir's ghost.

Vanquished Creatures
  The ghost of hydrated12 the Skirmisher, an amateur DsCK of Xom (D:6)
  A water moccasin (D:7)
  A black bear (D:6)
  A necrophage (D:6)
  An ogre (D:5)
  A phantom (D:4)
  A centaur (D:6)
  4 bullfrogs (D:6)
  4 wights (D:6)
  A crimson imp (D:6)
  An orc priest (D:4)
  A hound (D:5)
  2 iguanas (D:6)
  3 orc wizards
  A worker ant (D:3)
  A hound zombie (D:7)
  6 adders
  A shadow imp (D:6)
  2 oozes
  2 adder skeletons
  5 worms
  A dart slug (D:2)
  2 leopard geckos
  7 orcs
  8 bats
  A giant cockroach (D:1)
  6 hobgoblins
  9 jackals
  5 kobolds
  11 frilled lizards
  6 goblins
  6 rats
103 creatures vanquished.

Notes
Turn   | Place    | Note
-------+----------+-------------------------------------------
     0 | D:1      | ImaNewbie the Deep Elf Fire Elementalist began the quest for the Orb.
     0 | D:1      | Reached XP level 1. HP: 10/10 MP: 6/6
   150 | D:1      | Reached XP level 2. HP: 5/15 MP: 1/8
  1300 | D:2      | Reached XP level 3. HP: 14/19 MP: 1/9
  1435 | D:2      | Reached skill level 5 in Fire Magic
  2093 | D:3      | Found a faded altar of an unknown god.
  2136 | D:3      | Reached XP level 4. HP: 24/24 MP: 8/10
  2800 | D:3      | Learned a level 3 spell: Conjure Flame
  2967 | D:4      | Noticed a phantom
  3070 | D:4      | Killed a phantom
  3070 | D:4      | Reached XP level 5. HP: 26/28 MP: 4/11
  3076 | D:4      | Learned a level 4 spell: Sticky Flame
  3141 | D:4      | Noticed Yamifenrir's ghost (novice HuFi)
  3172 | D:4      | Learned a level 2 spell: Searing Ray
  3385 | D:4      | Found a sacrificial altar of Ru.
  3717 | D:4      | Gained mutation: You are weak. (Str -2) [potion of mutation]
  3717 | D:4      | Gained mutation: You have very sharp teeth. [potion of mutation]
  3717 | D:4      | Gained mutation: You are dopey. (Int -2) [potion of mutation]
  3722 | D:4      | Reached skill level 5 in Conjurations
  3976 | D:4      | Found a glowing golden altar of the Shining One.
  4225 | D:5      | Entered Level 5 of the Dungeon
  4243 | D:5      | Reached XP level 6. HP: 31/32 MP: 8/12
  4436 | D:5      | Found a blossoming altar of Fedhas.
  4921 | D:6      | Reached XP level 7. HP: 36/36 MP: 11/15
  4934 | D:6      | Noticed Prince Ribbit
  5032 | D:6      | Found an opulent altar of Gozag.
  5040 | D:6      | Reached skill level 5 in Spellcasting
  5088 | D:6      | Noticed hydrated12's ghost (amateur DsCK)
  6021 | D:6      | Reached XP level 8. HP: 34/41 MP: 11/20
  6138 | D:6      | Found Lomuplug's Elemental Accessories.
  6229 | D:6      | Learned a level 3 spell: Dazzling Spray
  6312 | D:6      | Reached skill level 1 in Hexes
  6577 | D:6      | Killed hydrated12's ghost
  6584 | D:6      | Learned a level 5 spell: Iskenderun's Battlesphere
  6590 | D:6      | Learned a level 5 spell: Fireball
  6698 | D:6      | Reached skill level 1 in Charms
  6885 | D:7      | Found a staircase to the Ecumenical Temple.
  6897 | Temple   | Entered the Ecumenical Temple
  6904 | Temple   | Became a worshipper of Vehumet
  6926 | D:7      | Noticed Jerry's ghost (novice VSGl)
  7520 | D:4      | Slain by Yamifenrir's ghost

Skill      XL: |  1  2  3  4  5  6  7  8 |
---------------+-------------------------+-----
Fire Magic     | 4 5 |  5.0
Conjurations   | 2 4 5 6 7 8 |  8.0
Spellcasting   | 4 6 8 |  8.1
Hexes          | 4 |  4.1
Charms         | 4 |  4.1
Dodging        | |  2.4
Stealth        | |  2.4

Action                   |  1- 3 |  4- 6 |  7- 9 || total
-------------------------+-------+-------+-------++-------
Melee: Unarmed           |     3 |       |       ||     3
       Dagger            |    17 |    19 |    75 ||   111
       Bite              |       |     1 |     5 ||     6
 Cast: Flame Tongue      |    66 |    58 |    44 ||   168
       Searing Ray       |       |     8 |    12 ||    20
       Conjure Flame     |       |       |     9 ||     9
       Sticky Flame      |       |       |     5 ||     5
       Dazzling Spray    |       |       |     4 ||     4
  Use: Scroll            |       |    13 |       ||    13
       Potion            |       |     4 |       ||     4
 Stab: Sleeping          |     1 |     1 |       ||     2
  Eat: Chunk             |     4 |     8 |     5 ||    17
       Pizza             |       |       |     2 ||     2
Armor: Robe              |     5 |    14 |    25 ||    44
Dodge: Dodged            |    31 |    23 |    41 ||    95
